 Dungeon Crawl Stone Soup version 0.28.0-45-g0d030f2227 (webtiles) character file.

Game seed: 2432084225667350210

5150 issech the Basher (level 10, -4/88 HPs)
             Began as a Troll Monk on Apr 21, 2022.
             Was a Priest of Hepliaklqana.
             Killed from afar by Harold (10 damage)
             ... with a harpoon shot
             ... on level 9 of the Dungeon.
             The game lasted 00:35:33 (8582 turns).

issech the Basher (Troll Monk)                      Turns: 8582, Time: 00:35:34

Health: -4/88      AC: 12    Str: 20    XL:     10   Next: 33%
Magic:  9/9        EV: 13    Int:  5    God:    Hepliaklqana [***...]
Gold:   612        SH:  5    Dex: 23    Spells: 9/9 levels left

rFire   . . .      SeeInvis .   I - +0 giant spiked club
rCold   . . .      Faith    .   (shield currently unavailable)
rNeg    + . .      Spirit   .   G - +1 acid dragon scales
rPois   +          Reflect  +   (helmet restricted)
rElec   .          Harm     .   r - +2 ratskin cloak {*Rats rPois rN+ Str-1 Int-1 Dex+1}
rCorr   +          Rampage  .   (gloves unavailable)
Will    +....                   (boots unavailable)
Stlth   ++........              F - amulet of reflection
HPRegen 1.04/turn               j - ring of willpower
MPRegen 0.11/turn               q - +6 ring of dexterity

@: marked
A: reduced essence, large, unfitting armour, claws 3, regeneration 1, shaggy fur
1, tough skin 1
a: Renounce Religion, Recall Ancestor, Ancestor Identity, Transference


You were on level 9 of the Dungeon.
You worshipped Hepliaklqana.
Hepliaklqana was most pleased with you.
You visited 2 branches of the dungeon, and saw 10 of its levels.
You also visited: Ossuary.

You collected 612 gold pieces.

Inventory:

Hand Weapons
 a - a +1 mace
 s - a +0 flail
 t - a +2 falchion
 H - a +3 quarterstaff of chaos
 I - a +0 giant spiked club (weapon)
 P - a +0 short sword of protection
 Q - a +0 short sword of venom
 R - a +0 morningstar
Missiles
 b - 5 boomerangs (quivered)
 c - 394 stones
 f - 77 arrows
 g - 41 poisoned darts
 v - 66 bolts
 y - 2 throwing nets
Armour
 r - the +2 ratskin cloak (worn) {*Rats rPois rN+ Str-1 Int-1 Dex+1}
   (You found it on level 4 of the Dungeon)

   When the wearer is hurt, rats may emerge from it to assist them.
   Str:       It affects your strength (-1).
   Int:       It affects your intelligence (-1).
   Dex:       It affects your dexterity (+1).
   rPois:     It protects you from poison.
   rN:        It protects you from negative energy.
 z - a +1 robe of resistance
 G - +1 acid dragon scales (worn)
 M - a +0 cloak
Jewellery
 j - a ring of willpower (left claw)
 q - a +6 ring of dexterity (right claw)
 F - an amulet of reflection (around neck)
 N - a ring of positive energy
 S - an amulet of regeneration
Wands
 i - a wand of paralysis (18)
 p - a wand of iceblast (7)
 O - a wand of flame (23)
 V - a wand of charming (3)
Scrolls
 l - 4 scrolls of enchant weapon
 m - 2 scrolls of blinking
 n - 3 scrolls of immolation
 o - 5 scrolls of teleportation
 u - a scroll of vulnerability
 B - 3 scrolls of fog
 E - 3 scrolls of fear
Potions
 d - 6 potions of curing {unknown}
 e - a potion of berserk rage {unknown}
 h - 2 potions of heal wounds {unknown}
 k - 2 potions of ambrosia {unknown}
 w - a potion of mutation {unknown}
 x - a potion of might {unknown}
 A - a potion of brilliance {unknown}
 C - 3 potions of resistance {unknown}
 D - a potion of invisibility {unknown}
 J - 4 potions of cancellation {unknown}
 K - a potion of lignification {unknown}
 L - a potion of magic {unknown}
 T - a potion of flight {unknown}
 U - 2 potions of degeneration {unknown}


   Skills:
 + Level 5.6 Fighting
 + Level 9.7 Maces & Flails
 + Level 3.4 Throwing
 + Level 2.9 Armour
 + Level 5.9 Dodging
 + Level 2.4 Stealth
 + Level 2.1 Shields


You had 9 spell levels left.
You didn't know any spells.
Your spell library contained the following spells:

 Spells                   Type           Power      Damage    Failure   Level
 Sting                    Tmut/Pois      0%         1d3       56%         1
 Poisonous Vapours        Pois/Air       0%         N/A       71%         2
 Static Discharge         Conj/Air       0%         N/A       71%         2
 Sublimation of Blood     Necr           0%         N/A       71%         2
 Wereblood                Tmut           0%         N/A       71%         2
 Airstrike                Air            0%         N/A       100%        4
 Dispel Undead            Necr           0%         3d6       100%        4
 Olgreb's Toxic Radiance  Pois           0%         N/A       100%        4
 Petrify                  Tmut/Erth      0%         N/A       100%        4
 Sticky Flame             Conj/Fire      0%         2d3       100%        4
 Summon Lightning Spire   Summ/Air       0%         N/A       100%        4
 Fireball                 Conj/Fire      0%         3d3       100%        5
 Irradiate                Conj/Tmut      0%         3d13      100%        5
 Iskenderun's Battlesphe  Conj           0%         2d6       100%        5
 Lightning Bolt           Conj/Air       0%         1d11      100%        5
 Conjure Ball Lightning   Conj/Air       0%         3x3d6     100%        6
 Orb of Destruction       Conj           0%         9d5       100%        7
 Summon Hydra             Summ           0%         N/A       100%        7


Dungeon Overview and Level Annotations

Branches:
Dungeon (9/15)             Temple (1/1) D:7         Ossuary (visited)
   Lair: D:8-11         Orc: D:9-12

Altars:
Ashenzari
Cheibriados
Dithmenos
Elyvilon
Fedhas
Gozag
Hepliaklqana
Kikubaaqudgha
Makhleb
Nemelex Xobeh
Okawaru
Qazlal
Ru
Sif Muna
Trog
Uskayaw
Vehumet
Wu Jian
Xom
Yredelemnul
Zin
The Shining One

Shops:
D:3 [!   D:5 *

Annotations:
D:9 Harold


Innate Abilities, Weirdness & Mutations

Your life essence is reduced to manifest your ancestor. (-10% HP)
You are too large for most types of armour.
You have claws for hands.
Your natural rate of healing is unusually fast.
You are covered in fur. (AC +1)
You have tough skin. (AC +1)


Message History

Harold is moderately wounded.
You block Harold's attack. The troll closely misses you. The troll claws you.
The troll claws you!
Harold hits you with a +2 vorpal battleaxe.
You puncture Harold!
Harold is moderately wounded.
The troll bites you but does no damage. The troll closely misses you.
The troll claws you.
Harold hits you with a +2 vorpal battleaxe!
You hit Harold but do no damage.
Harold is moderately wounded.
The troll bites you. The troll claws you but does no damage.
The troll closely misses you. Harold casts a spell at you.
You barely resist. The troll barely misses you. The troll claws you.
The troll barely misses you.
You puncture Harold!
Harold is heavily wounded.
Harold hits you with a +2 vorpal battleaxe.
The troll closely misses you. The troll claws you. The troll barely misses you.
Harold hits you with a +2 vorpal battleaxe!!
* * * LOW HITPOINT WARNING * * *
x2 Harold gestures at you while chanting.
A sentinel's mark forms upon you.
Harold says, "Do you have any idea what people are willing to pay to have you killed, issech?"
Harold points at you and mumbles some strange words.
The mark upon you grows brighter. Harold fires a harpoon shot at you.
The harpoon shot hits you!
* * * LOW HITPOINT WARNING * * *
You are yanked forward by the harpoon shot.
You block the troll's attack. The troll closely misses you.
The troll barely misses you. The troll barely misses you.
The troll claws you but does no damage. The troll claws you.
* * * LOW HITPOINT WARNING * * *
Harold says happily, "The price on your head will fill my nest egg nicely!"
Harold fires a harpoon shot at you. The harpoon shot hits you!
You die...

.........#.....# ..........#.
.........#.....# .........#.
.........#.....# ........#.
#......#.....# #......#.
#............# #........
...............# #........
...........@...# #.<....#.
.........#.T...# #......#.
.........#..@..# #......#.
.........#.....# ..#......#.
..########.....#....#......#.
..#..........>.#....#......#.
#............#....#.....###
#..........................
#..........................
#..........................
#..........................


You could see Harold and a troll.

Vanquished Creatures
  Maurice (D:8)
  Grinder (D:4)
  Prince Ribbit (D:6)
  Grum (D:8)
  A water moccasin (D:6)
  An ice beast (D:7)
  An ogre (D:5)
  2 phantoms
  2 wolves (D:8)
  2 centaurs
  An elf zombie (Ossuary)
  A kobold brigand (D:4)
  A bullfrog (D:7)
  Blork the orc (D:4)
  A gnoll sergeant (D:8)
  A wyvern zombie (D:7)
  A water moccasin zombie (D:6)
  A water moccasin skeleton (D:5)
  5 wights (D:7)
  8 killer bees
  A howler monkey (D:8)
  2 centaur zombies
  3 orc priests
  A hound (D:4)
  Crazy Yiuf (D:7)
  A jelly (D:5)
  2 centaur skeletons
  4 iguanas
  A gnoll shaman (D:5)
  An orc wizard (D:8)
  3 hound zombies (Ossuary)
  A hound skeleton (D:4)
  2 mummies (Ossuary)
  A howler monkey zombie (D:8)
  9 gnolls
  5 adders
  3 river rats (D:5)
  A white imp (D:5)
  An ufetubus (D:6)
  3 adder zombies (Ossuary)
  4 worms
  6 dart slugs
  18 orcs
  6 bats
  4 endoplasms
  2 giant cockroaches
  12 goblins
  5 hobgoblins
  A quokka (D:1)
  6 ball pythons
  2 gnoll zombies (Ossuary)
  A goblin zombie (Ossuary)
  5 hobgoblin zombies (Ossuary)
  3 jackal zombies (Ossuary)
  10 kobolds
  4 kobold zombies (Ossuary)
  An orc zombie (Ossuary)
  3 quokka zombies (Ossuary)
  6 rats
  4 rat zombies (Ossuary)
183 creatures vanquished.

Vanquished Creatures (collateral kills)
  A basilisk (D:8)
  2 steam dragons
  An acid dragon (D:6)
  An ice beast (D:6)
  An orc warrior (D:8)
  A necrophage (D:6)
  2 wolves (D:8)
  2 kobold brigands (D:8)
  A bullfrog (D:8)
  A scorpion (D:7)
  A killer bee (D:7)
  A howler monkey (D:6)
  A bullfrog zombie (D:7)
  2 jellies (D:6)
  4 orc priests
  2 orc wizards (D:6)
  2 iguanas (D:6)
  A mummy (Ossuary)
  2 howler monkey zombies
  2 gnolls
  An adder (D:6)
  7 orcs
  3 kobolds (D:8)
  A goblin zombie (Ossuary)
43 creatures vanquished.

Vanquished Creatures (others)
  A battlemage (D:9)
  43 plants
44 creatures vanquished.

Grand Total: 270 creatures vanquished

Notes
Turn   | Place    | Note
-------+----------+-------------------------------------------
     0 | D:1      | issech the Troll Monk began the quest for the Orb.
     0 | D:1      | Reached XP level 1. HP: 22/22 MP: 0/0
    93 | D:1      | Found a faded altar of an unknown god.
   136 | D:1      | Reached XP level 2. HP: 27/29 MP: 1/1
   237 | D:1      | Reached skill level 3 in Maces & Flails
  1144 | D:2      | Reached XP level 3. HP: 36/36 MP: 2/2
  1967 | D:3      | Reached XP level 4. HP: 44/44 MP: 3/3
  2289 | D:3      | Found Boifargh's Armour Boutique.
  2372 | D:3      | Reached skill level 1 in Throwing
  2372 | D:3      | Found Toxtakah's Distillery.
  2686 | D:4      | Noticed a kobold brigand
  2704 | D:4      | Killed a kobold brigand
  2705 | D:4      | Reached skill level 4 in Maces & Flails
  2705 | D:4      | Reached XP level 5. HP: 34/53 MP: 4/4
  2778 | D:4      | Found the +2 ratskin cloak {*Rats rPois rN+ Str-1 Int-1
                  | Dex+1}
  2879 | D:4      | Noticed Blork the orc
  2896 | D:4      | Killed Blork the orc
  2897 | D:4      | Reached XP level 6. HP: 36/61 MP: 5/5
  3225 | D:4      | Noticed Grinder
  3227 | D:4      | Paralysed by Grinder for 3 turns
  3251 | D:4      | Killed Grinder
  3252 | D:4      | Reached skill level 5 in Maces & Flails
  3252 | D:4      | Reached XP level 7. HP: 57/68 MP: 6/6
  3771 | D:5      | Entered Level 5 of the Dungeon
  4138 | D:5      | Noticed Prince Ribbit
  4213 | D:6      | Found a sand-covered staircase.
  4258 | Ossuary  | Entered an ossuary
  4279 | Ossuary  | Reached skill level 6 in Maces & Flails
  4501 | Ossuary  | Reached XP level 8. HP: 78/78 MP: 7/7
  4939 | D:6      | Reached skill level 7 in Maces & Flails
  5023 | D:6      | Reached skill level 5 in Dodging
  5436 | D:6      | Killed Prince Ribbit
  5437 | D:6      | Reached XP level 9. HP: 52/87 MP: 8/8
  5605 | D:5      | Found Uzoeda Guqu's Neck Hole.
  5654 | D:5      | Reached skill level 8 in Maces & Flails
  5979 | D:5      | Reached skill level 5 in Fighting
  5979 | D:5      | Reached skill level 1 in Armour
  5985 | D:5      | Reached skill level 1 in Shields
  6666 | D:7      | Found a staircase to the Ecumenical Temple.
  6718 | Temple   | Entered the Ecumenical Temple
  6900 | Temple   | Became a worshipper of Hepliaklqana the Forgotten
  6900 | Temple   | Reached * piety under Hepliaklqana
  6900 | Temple   | Reached ** piety under Hepliaklqana
  6901 | Temple   | Remembered your ancestor Dagmar as a battlemage
  7066 | D:7      | Reached skill level 9 in Maces & Flails
  7352 | D:7      | Found a runed translucent door.
  7353 | D:7      | Noticed Crazy Yiuf
  7357 | D:7      | Killed Crazy Yiuf
  7498 | D:8      | Noticed Maurice
  7507 | D:8      | Killed Maurice
  7590 | D:8      | Reached XP level 10. HP: 86/86 MP: 9/9
  7664 | D:8      | Found a shimmering altar of Xom.
  7808 | D:8      | Noticed Grum
  7834 | D:8      | Killed Grum
  7945 | D:8      | Reached *** piety under Hepliaklqana
  8562 | D:9      | Noticed Harold
  8582 | D:9      | Killed from afar by Harold

Illustrated notes

Levels and vault maps discovered:
D:1:      wander_arrival_peaceful_grave, layout_loops_corners,
          ebering_ecumenical_altar_hall, nrook_loot_triangle,
          minmay_stone_trees_medium, minmay_misc_feat_more_columns
D:2:      kennysheep_the_goblin_king, layout_basic
D:3:      layout_loops_ring, serial_shops, nicolae_diamond_shop,
          nicolae_shop_window_shopping, minmay_pentomino_pile
D:4:      layout_gridville, uniq_blork_the_orc, uniq_grinder
D:5:      wad_woods_settlement, layout_loops_corners,
          nicolae_shop_sticking_my_neck_out, uniq_prince_ribbit1
D:6:      layout_cave_pools, lightli_ossuary_entry_decrepit_ruins
D:7:      minmay_spotlight, layout_basic, minmay_temple_entry_waves,
          lemuel_old_faithful, uniq_crazy_yiuf_cottage
D:8:      layout_loops_cross, mainiacjoe_overflow_catwalk,
          kennysheep_generic_room_8, uniq_grum, uniq_maurice
D:9:      layout_grid_maze, kennysheep_generic_room_14, uniq_harold
Temple:   kilobyte_greek_temple

Skill      XL: |  1  2  3  4  5  6  7  8  9 10 |
---------------+-------------------------------+-----
Maces & Flails | 3 4 5 6 7 9 |  9.7
Fighting       | 3 4 5 |  5.6
Throwing       | 1 2 3 |  3.4
Dodging        | 3 5 |  5.9
Stealth        | 2 |  2.4
Armour         | 2 |  2.9
Shields        | 1 2 |  2.1

Action                   |  1- 3 |  4- 6 |  7- 9 | 10-12 || total
-------------------------+-------+-------+-------+-------++-------
Melee: Mace              |   123 |   130 |   373 |       ||   626
       Punch             |     1 |     1 |    12 |       ||    14
       Giant spiked club |       |       |   124 |    61 ||   185
Throw: Stone             |    50 |    43 |    34 |       ||   127
       Boomerang         |       |       |    14 |    11 ||    25
Invok: Ancestor Life: Ba |       |       |     1 |       ||     1
  Use: Scroll            |       |     1 |     8 |     1 ||    10
 Stab: Sleeping          |     1 |     2 |     2 |     1 ||     6
       Distracted        |       |     1 |     2 |     2 ||     5
Armor: Robe              |    52 |    29 |   135 |       ||   216
       Acid dragon scale |       |       |    48 |    23 ||    71
Dodge: Dodged            |    89 |    52 |   386 |    54 ||   581
Block: Other             |       |       |    53 |    19 ||    72
       Reflection        |       |       |       |     2 ||     2
